 Dungeon Crawl Stone Soup version 0.28.0-47-ge53b351184 (webtiles) character file.

Game seed: 10261479232632443144

19 101zpm the Chiller (level 2, -1/20 HPs)
             Began as a Merfolk Ice Elementalist on Apr 29, 2022.
             Shot with a stone by a goblin (6 damage)
             ... on level 2 of the Dungeon.
             The game lasted 00:01:42 (994 turns).

101zpm the Chiller (Merfolk Ice Elementalist)        Turns: 994, Time: 00:01:43

Health: -1/20      AC:  2    Str:  8    XL:     2   Next: 75%
Magic:  2/5        EV: 10    Int: 14    God:
Gold:   29         SH:  7    Dex: 14    Spells: 4/5 levels left

rFire   . . .      SeeInvis .   (no weapon)
rCold   . . .      Faith    .   d - +0 kite shield
rNeg    . . .      Spirit   .   a - +0 robe
rPois   .          Reflect  .   (no helmet)
rElec   .          Harm     .   (no cloak)
rCorr   .          Rampage  .   (no gloves)
Will    .....                   (no boots)
Stlth   ++........              (no amulet)
HPRegen 0.06/turn               (no ring)
MPRegen 0.09/turn               (no ring)

@: no status effects
A: (nimble swimmer 2), mertail
a: no special abilities


You were on level 2 of the Dungeon.
You visited 1 branch of the dungeon, and saw 2 of its levels.

You collected 29 gold pieces.

Inventory:

Armour
 a - a +0 robe (worn)
 d - a +0 kite shield (worn)
Jewellery
 c - an amulet of guardian spirit
Potions
 b - a potion of ambrosia {unknown}
 e - a potion of invisibility {unknown}


   Skills:
 + Level 0.4 Fighting
 + Level 2.8 Dodging
 + Level 2.2 Stealth
 + Level 2.3 Spellcasting
 + Level 4.8 Ice Magic


You had 4 spell levels left.
You knew the following spells:

 Your Spells              Type           Power      Damage    Failure   Level
a - Freeze                Ice            60%        1d8       12%         1

Your spell library contained the following spells:

 Spells                   Type           Power      Damage    Failure   Level
 Frozen Ramparts          Ice            30%        1d5       34%         3
 Ozocubu's Armour         Ice            15%        N/A       34%         3
 Hailstorm                Conj/Ice       8%         3d4       97%         4


Dungeon Overview and Level Annotations

Branches:
Dungeon (2/15)

Altars:


Innate Abilities, Weirdness & Mutations

((You are very nimble when in or above water. (Stealth+, EV+, Speed+++)))
Your lower body shifts to a powerful aquatic tail in water.


Message History

A giant cockroach is nearby!
A giant cockroach is nearby!
You miscast Freeze.
You are very lightly contaminated with residual magic.
Nothing appears to happen.
You freeze the giant cockroach.
The giant cockroach is heavily wounded.
You block the giant cockroach's attack.
You freeze the giant cockroach!
You kill the giant cockroach!
Your magical contamination has completely faded away.
e - an orange potion
Things that are here:
a +0 club; a goblin corpse
Found a robe.
Done exploring.
Done exploring.
(D) Dungeon
Where to? (? - help)
What level of the Dungeon? (default 1, ? - help)
There is a stone staircase leading down here.
You climb downwards.
The hobgoblin misses you.
The goblin shoots a stone.
The stone hits you but does no damage.
There is a stone staircase leading up here.
You freeze the kobold!
You kill the kobold!
The hobgoblin hits you.
The goblin shoots a stone.
The stone hits you.
You freeze the hobgoblin.
The hobgoblin is heavily wounded.
The hobgoblin hits you.
The goblin shoots a stone.
You block the stone.
You freeze the hobgoblin.
You kill the hobgoblin!
The goblin shoots a stone.
You block the stone.
Found a scroll labelled QIKIV SERI.
The goblin shoots a stone.
The stone hits you.
The goblin shoots a stone.
The stone hits you.
* * * LOW HITPOINT WARNING * * *
You are too injured to fight recklessly!
The goblin shoots a stone.
The stone hits you.
You die...

#.#........[...
..............#
............#
#.#.......##
#..........#
#..........#
#.......)..#
#.g.@...<†:#
#...#####..[##
## ##...# #.#.#
...... ##...#?
...# . #..#


You could see a goblin.

Vanquished Creatures
  3 bats (D:1)
  An endoplasm (D:1)
  2 giant cockroaches (D:1)
  A goblin (D:1)
  3 hobgoblins
  2 ball pythons (D:1)
  A frilled lizard (D:1)
  3 kobolds
  A rat (D:1)
17 creatures vanquished.

Notes
Turn   | Place    | Note
-------+----------+-------------------------------------------
     0 | D:1      | 101zpm the Merfolk Ice Elementalist began the quest for the
                  | Orb.
     0 | D:1      | Reached XP level 1. HP: 13/13 MP: 3/3
   213 | D:1      | Reached XP level 2. HP: 13/19 MP: 0/5
   710 | D:1      | Found a faded altar of an unknown god.
   994 | D:2      | Shot with a stone by a goblin

Illustrated notes

Levels and vault maps discovered:
D:1:      minmay_arrival_semitransparent, layout_loops_cross,
          basic_ecumenical_altar, serial_glass, glass_columns_b,
          glass_columns_a, glass_columns_b, glass_columns_c, glass_columns_b,
          glass_columns_b, glass_columns_a, glass_columns_b, glass_columns_c,
          glass_columns_b, glass_columns_a, glass_columns_c, glass_columns_a,
          glass_columns_a, due_unseen_surprise, item_on_display_a,
          minmay_misc_feat_four_crosses
D:2:      layout_rooms

Action                   || total
-------------------------++-------
Melee: Unarmed           ||    24
 Cast: Freeze            ||    26
Armor: Robe              ||    13
Dodge: Dodged            ||    33
Block: Kite shield       ||     5
